 Dungeon Crawl Stone Soup version 0.30-a0-1094-g860fb061e7 (webtiles) character file.

Game seed: 3687174520408562000

10388 ragingrage the Thaumaturge (level 11, -6/87 HPs)
             Began as a Djinni Hedge Wizard on Apr 17, 2023.
             Was a Follower of Ashenzari.
             Mangled by a freezing wraith (20 damage)
             ... in an ice cave.
             The game lasted 00:17:44 (14727 turns).

ragingrage the Thaumaturge (Djinni Hedge Wizard)   Turns: 14727, Time: 00:17:44

Health: -6/87      AC:  7    Str: 18    XL:     11   Next: 92%
Gold:   353        EV: 11    Int: 23    God:    Ashenzari [*.....] SH:  0 Dex: 18

rFire   + + .      SeeInvis .    a - +0 scimitar of Context {drain, Str+3 Int+3 Dex+5 Stlth-}
rCold   . . .      Faith    .    (no shield)
rNeg    . . .      Spirit   .    E - +1 ring mail
rPois   ∞          Reflect  .    y - +0 helmet "I Foresaw This" {Self, Fort} (curse)
rElec   .          Rampage  .    (no cloak)
rCorr   .                        (no gloves)
Will    +....                    (boots unavailable)
Stlth   +                        G - amulet of the Sibylline Boredom {Acrobat, Melee, Self} (curse)
HPRegen 0.34/turn                n - +6 ring of strength
MPRegen 0.00/turn                N - ring of protection from cold

@: flying
A: sickness immunity, fire resistance 2, cold vulnerability 1, float, innate
caster, HP casting, extra vitality 1
a: Renounce Religion, Curse Item, Shatter the Chains


You were in an ice cave.
You worshipped Ashenzari.
Ashenzari was aware of your devotion.
You visited 3 branches of the dungeon, and saw 13 of its levels.
You also visited: Ice Cave.

You collected 749 gold pieces.
You spent 396 gold pieces at shops.

Inventory:

Hand Weapons
 a - the +0 scimitar of Context (weapon) {drain, Str+3 Int+3 Dex+5 Stlth-}
   (You found it on level 2 of the Lair of Beasts)

   Str:       It affects your strength (+3).
   Int:       It affects your intelligence (+3).
   Dex:       It affects your dexterity (+5).
   Stlth:     It makes you less stealthy.
 v - a +0 shortbow
 F - the +4 long sword of Raeniargh {speed, rN+ Str+2}
   (You found it on level 1 of the Lair of Beasts)

   Str:       It affects your strength (+2).
   rN:        It protects you from negative energy.
 L - a +0 rapier of draining
Missiles
 j - a curare-tipped dart
 D - 22 poisoned darts
Armour
 y - the cursed +0 helmet "I Foresaw This" (worn) {Self, Fort}
   (You took it off Robin on level 2 of the Dungeon)

   It has a curse which improves the following skills: Introspection: Fighting
   and Spellcasting.
   Fortitude: Armour and Shields.
 E - a +1 ring mail (worn)
Magical Staves
 H - a staff of conjuration
Jewellery
 n - a +6 ring of strength (left hand)
 G - the cursed amulet of the Sibylline Boredom (around neck) {Acrobat, Melee, Self}
   (You found it on level 6 of the Dungeon)

   [amulet of the acrobat]

   It increases your evasion while moving and waiting.
   It has a curse which improves the following skills: Melee Combat: Short
   Blades, Long Blades, Axes, Maces & Flails, Polearms, Staves and Unarmed
   Combat.
   Introspection: Fighting and Spellcasting.
 N - a ring of protection from cold (right hand)
Wands
 b - a wand of iceblast (19)
 x - a wand of digging (15)
 B - a wand of charming (6)
 K - a wand of light (3)
Scrolls
 e - 4 scrolls of enchant weapon
 g - 2 scrolls of fear
 i - a scroll of summoning
 k - 11 scrolls of teleportation
 l - 2 scrolls of blinking
 p - 2 scrolls of vulnerability
 r - 2 scrolls of magic mapping
 t - 4 scrolls of enchant armour
 w - a scroll of immolation
 I - a scroll of silence
 J - a scroll of brand weapon
 M - 2 scrolls of poison
Potions
 c - 5 potions of mutation
 d - 8 potions of curing
 h - 4 potions of haste
 m - 3 potions of berserk rage
 o - a potion of lignification
 q - a potion of brilliance
 s - 3 potions of heal wounds
 u - 5 potions of attraction
 z - a potion of cancellation
 A - 6 potions of might
 C - a potion of invisibility


   Skills:
 + Level 10.3(11.5) Fighting
 - Level 2.1 Dodging
 - Level 2.0 Stealth
 * Level 11.6(12.8) Spellcasting


You knew the following spells:

 Your Spells              Type           Power      Damage    Failure   Level
a - Magic Dart            Conj           100%       1d8       1%          1
b - Slow                  Hex            100%       N/A       1%          1
c - Blink                 Tloc           100%       N/A       1%          2
d - Call Imp              Summ           100%       N/A       1%          2
e - Mephitic Cloud        Conj/Pois/Air  65%        N/A       1%          3
f - Shock                 Conj/Air       100%       1d9       1%          1
g - Scorch                Fire           100%       2d9       1%          2
h - Volatile Blastmotes   Fire/Tloc      100%       2d18      1%          3
i - Sticky Flame          Conj/Fire      65%        2d8       1%          4
j - Metabolic Englaciati  Hex/Ice        32%        N/A       1%          5
Your spell library was empty.

Dungeon Overview and Level Annotations

Branches:
Dungeon (10/15)            Temple (1/1) D:5            Lair (2/5) D:9
  IceCv (1/1)
  Swamp: Lair:2-3    Shoals: Lair:2-3     Snake: Lair:2-3    Spider: Lair:2-3
    Orc: D:9-12

Altars:
Ashenzari
Cheibriados
Elyvilon
Fedhas
Gozag
Hepliaklqana
Makhleb
Nemelex Xobeh
Okawaru
Wu Jian
Xom
Yredelemnul
The Shining One

Shops:
D:2 (?(*!   D:7 !

Annotations:
D:5 2 runed translucent doors, superbruh's ghost, novice MiFi
D:9 3 runed translucent doors, Pimp's ghost, journeyman HOFi


Innate Abilities, Weirdness & Mutations

You are immune to sickness and miasma.
You are immune to poison.
Your flesh is very heat resistant. (rF++)
You are vulnerable to cold. (rC-)
You float through the air rather than walking.
You learn spells naturally, not from books.
Your magical power is your life essence.
You have superior vitality. (+4 MHP)


Message History

Aim: a death yak simulacrum (almost destroyed, more vulnerable to fire)
The sticky flame hits the death yak simulacrum.
The death yak simulacrum melts!
The death yak simulacrum is covered in liquid flames!
The death yak simulacrum burns!
The death yak simulacrum vaporises!
You start resting.
A freezing wraith comes into view.
The freezing wraith moves out of view.
Casting: Sticky Flame (safe; 1% risk of failure) Flames lash the freezing wraith.
The freezing wraith's fire resistance burns away.
Casting: Scorch (safe; 1% risk of failure)
Aiming: Sticky Flame (safe; 1% risk of failure)
Aim: a freezing wraith (more vulnerable to fire, unstickable)
Okay, then.
Casting: Sticky Flame (safe; 1% risk of failure) Flames lash the freezing wraith but do no damage.
The freezing wraith hits you but does no damage.
The freezing wraith closely misses you.
Casting: Scorch (safe; 1% risk of failure) Flames lash the freezing wraith.
The freezing wraith is burned terribly!
The freezing wraith hits you. The freezing wraith freezes you!
The freezing wraith barely misses you.
Casting: Scorch (safe; 1% risk of failure) Flames lash the freezing wraith.
The freezing wraith is burned terribly!
The freezing wraith hits you but does no damage.
The freezing wraith hits you.
Casting: Scorch (safe; 1% risk of failure) Flames lash the freezing wraith but do no damage.
The freezing wraith hits you! The freezing wraith freezes you!!
The freezing wraith hits you!
* * * LOW HITPOINT WARNING * * *
Casting: Scorch (safe; 1% risk of failure) Flames lash the freezing wraith.
The freezing wraith is burned terribly!
* * * LOW HITPOINT WARNING * * *
The freezing wraith hits you!
* * * LOW HITPOINT WARNING * * *
The freezing wraith freezes you!!
You die...

########
##.#....##
#####.....#.@#
##..∩##..####W.#
#∩..####..# #..#
#....# #..##...#
#...####...##.⌠.
##..####...####...
#...##...### .###
#..##...## #.
#......##


You could see a freezing wraith (combustible).

Vanquished Creatures
  Nergalle (D:10)
  A gargoyle (D:10)
  A cane toad (Lair:1)
  2 unseen horrors (D:10)
  Prince Ribbit (D:6)
  A wyvern (D:6)
  15 yaks
  4 vampire mosquitoes (D:10)
  A death yak simulacrum (IceCv)
  3 steam dragons
  An acid dragon (D:10)
  7 water moccasins
  2 black bears
  3 sky beasts
  4 ice beasts
  3 orc warriors
  An ogre (D:6)
  8 centaurs
  2 kobold brigands (D:9)
  2 bullfrogs
  3 wights (D:7)
  9 killer bees
  9 howler monkeys
  A gnoll bouda (D:4)
  3 orc priests
  3 jellies
  An iguana (D:6)
  8 orc wizards
  Robin (D:2)
  8 gnolls
  3 adders
  2 shadow imps
  13 white imps
  4 ufetubi
  3 dart slugs
  2 worms
  17 orcs
  4 endoplasms
  4 giant cockroaches
  12 goblins
  8 hobgoblins
  7 jackals
  6 quokkas
  7 ball pythons
  4 bats (D:3)
  A frilled lizard (D:2)
  9 kobolds
  3 rats
218 creatures vanquished.

Vanquished Creatures (collateral kills)
  2 killer bees (D:9)
  A jelly (D:6)
  A hound (D:6)
  2 goblins (D:2)
  3 hobgoblins (D:2)
  A ball python (D:1)
10 creatures vanquished.

Vanquished Creatures (others)
  Erolcha (D:10)
  7 fungi
  11 plants
19 creatures vanquished.

Grand Total: 247 creatures vanquished

Notes
Turn   | Place    | Note
-------+----------+-------------------------------------------
     0 | D:1      | ragingrage the Djinni Hedge Wizard began the quest for the
                  | Orb.
     0 | D:1      | ragingrage set off with the following spells memorised:
                  | Magic Dart, Slow, Blink, Call Imp, Mephitic Cloud.
     0 | D:1      | Reached XP level 1. HP: 15/15 MP: 0/0
   217 | D:1      | Reached XP level 2. HP: 18/22 MP: 0/0
   400 | D:1      | Reached skill level 1 in Fighting
   406 | D:1      | Reached XP level 3. HP: 12/27 MP: 0/0
   406 | D:1      | Learned a level 1 spell: Shock
   947 | D:2      | Found Jets's Assorted Antiques.
   959 | D:2      | Bought a yellow potion for 24 gold pieces
   959 | D:2      | Bought a scroll labelled KALOTA URAJIEC for 27 gold pieces
   975 | D:2      | Found Taoniuf's Distillery.
   978 | D:2      | Bought a potion of lignification for 30 gold pieces
  1003 | D:2      | Reached skill level 3 in Spellcasting
  1003 | D:2      | Noticed Robin
  1188 | D:2      | Found Cuemaki's Antique Weapon Shoppe.
  1311 | D:2      | Found Siakuamn's Magic Scroll Shop.
  1311 | D:2      | Found Isouqun's Weapon Shop.
  1526 | D:2      | Reached XP level 4. HP: 32/32 MP: 0/0
  1784 | D:3      | Reached XP level 5. HP: 7/38 MP: 0/0
  1784 | D:3      | Learned a level 2 spell: Scorch
  2496 | D:3      | Found a faded altar of an unknown god.
  2585 | D:3      | Reached skill level 4 in Spellcasting
  3386 | D:2      | Killed Robin
  3387 | D:2      | Reached XP level 6. HP: 44/45 MP: 0/0
  3456 | D:2      | Bought a scroll of blinking for 82 gold pieces
  3630 | D:4      | You are sucked into a shaft and drop 1 floor!
  3630 | D:5      | Entered Level 5 of the Dungeon
  3636 | D:5      | Noticed an ice beast
  3656 | D:5      | Found a large runed translucent door.
  3656 | D:5      | Found a large runed translucent door.
  3658 | D:5      | Noticed superbruh's ghost (novice MiFi)
  4606 | D:5      | Noticed an ice beast
  4809 | D:5      | Found a staircase to the Ecumenical Temple.
  4818 | Temple   | Entered the Ecumenical Temple
  4874 | Temple   | Became a worshipper of Ashenzari the Shackled
  4915 | D:5      | Noticed an ice beast
  4944 | D:5      | Killed an ice beast
  4945 | D:5      | Reached XP level 7. HP: 25/50 MP: 0/0
  4945 | D:5      | Learned a level 3 spell: Volatile Blastmotes
  5061 | D:5      | Reached skill level 5 in Spellcasting
  5648 | D:5      | Found a snail-covered altar of Cheibriados.
  6012 | D:6      | Noticed a water moccasin
  6025 | D:6      | Killed a water moccasin
  6026 | D:6      | Reached XP level 8. HP: 52/58 MP: 0/0
  6039 | D:6      | Reached skill level 6 in Spellcasting
  6232 | D:6      | Found an iron altar of Okawaru.
  6360 | D:6      | Noticed Prince Ribbit
  6372 | D:6      | Killed Prince Ribbit
  6373 | D:6      | Reached skill level 5 in Fighting
  6513 | D:6      | Noticed a wyvern
  6522 | D:6      | Killed a wyvern
  6541 | D:6      | Reached skill level 7 in Spellcasting
  6541 | D:6      | Reached XP level 9. HP: 42/66 MP: 0/0
  6541 | D:6      | Learned a level 4 spell: Sticky Flame
  7132 | D:2      | Bought 2 fuming coppery potions for 48 gold pieces
  7132 | D:2      | Bought a scroll labelled QATAX NEM RICW for 27 gold pieces
  7132 | D:2      | Bought a scroll labelled XEM LOUMIDEO for 27 gold pieces
  7132 | D:2      | Bought a scroll labelled ZOLETU HUNG for 27 gold pieces
  7326 | D:7      | Found Tiniedgh's Distillery.
  7329 | D:7      | Bought a potion of curing for 39 gold pieces
  8066 | D:7      | Reached skill level 8 in Spellcasting
  8432 | D:7      | Reached XP level 10. HP: 73/76 MP: 0/0
  8567 | D:7      | Bought a potion of heal wounds for 65 gold pieces
  8843 | D:8      | Reached * piety under Ashenzari
  9141 | D:8      | Reached skill level 9 in Spellcasting
 10217 | D:9      | Noticed Pimp's ghost (journeyman HOFi)
 10226 | D:9      | Found a runed translucent gate.
 10226 | D:9      | Found a runed translucent gate.
 10226 | D:9      | Found a runed translucent gate.
 10611 | D:9      | Found a staircase to the Lair.
 10699 | D:9      | Reached skill level 10 in Spellcasting
 11109 | D:10     | Entered Level 10 of the Dungeon
 11192 | D:10     | Noticed an unseen horror
 11195 | D:10     | Killed an unseen horror
 11238 | D:10     | Reached XP level 11. HP: 72/85 MP: 0/0
 11238 | D:10     | Learned a level 5 spell: Metabolic Englaciation
 11737 | D:10     | Found a shimmering altar of Xom.
 12248 | D:10     | Noticed Erolcha
 12254 | D:10     | Killed Erolcha
 12435 | D:10     | Found an opulent altar of Gozag.
 12523 | D:10     | Noticed Nergalle
 12537 | D:10     | Killed Nergalle
 12538 | D:10     | Reached skill level 11 in Spellcasting
 13191 | Lair:1   | Entered Level 1 of the Lair of Beasts
 13489 | Lair:1   | Reached skill level 10 in Fighting
 13686 | Lair:1   | Identified the +4 long sword of Raeniargh {speed, rN+
                  | Str+2}
 14296 | Lair:2   | Identified the +0 scimitar of Context {drain, Str+3 Int+3
                  | Dex+5 Stlth-}
 14435 | Lair:2   | Found a frozen archway.
 14538 | IceCv    | Entered an ice cave
 14727 | IceCv    | Mangled by a freezing wraith

Illustrated notes

Levels and vault maps discovered:
D:1:      scummos_arrival_forest, layout_loops_cross, serial_glass,
          glass_columns_a, glass_columns_a, glass_columns_a, glass_columns_a,
          glass_columns_b, glass_columns_a, st_stairs_8, minmay_pentomino_s2
D:2:      layout_rooms, serial_shops, shop, nicolae_shop_overgrown_old_shop,
          shop_fountains, nicolae_shop_hallway_plus, shop, hangedman_decor_push,
          uniq_robin
D:3:      minmay_evil_eye, layout_basic, nicolae_ecumenical_oubliette,
          serial_bayou_pond_b
D:4:      layout_basic, nicolae_overflow_crystal_walls
D:5:      nicolae_cairo_tiling_large_dashed, layout_loops_cross,
          cheibrodos_worm_habitat, minmay_temple_entry_overgrown,
          ebering_ghost_disaster_area, serial_park_tiny_pond
D:6:      layout_loops_ring, mainiacjoe_overflow_boulevard, uniq_prince_ribbit1
D:7:      nicolae_cairo_tiling_very_big, layout_rooms, serial_shops, shop
D:8:      layout_loops_cross
D:9:      layout_small_grid, dpeg_oklobed_lair, gammafunk_ghost_icy,
          serial_rivers, chequers_serial_rivers_large_a,
          chequers_serial_rivers_large_b, chequers_serial_rivers_micro_d,
          chequers_serial_rivers_small_b, chequers_serial_rivers_room_a,
          chequers_serial_rivers_room_a, st_stairs_8
D:10:     layout_basic, lemuel_tele_altar, marbit_many_paths,
          grunt_gozag_breadcrumbs, uniq_nergalle, uniq_erolcha
Temple:   kb_temple_of_zot
Lair:1:   layout_concentric_octagons, grunt_megastairs_4
Lair:2:   layout_loops_ring, guppyfry_snake_entry_garden,
          portal_ice_cave_entry_imps, grunt_megastairs_2, serial_bayou_shore_b
IceCv:    ice_cave_caverns_03

Skill      XL: |  1  2  3  4  5  6  7  8  9 10 11 |
---------------+----------------------------------+-----
Fighting       | 1 2 3 4 5 7 8 10 | 10.3
Stealth        | 2 |  2.0
Spellcasting   | 3 4 5 7 8 10 11 | 11.6
Dodging        | |  2.1

Action                     |  1- 3 |  4- 6 |  7- 9 | 10-12 || total
---------------------------+-------+-------+-------+-------++-------
  Melee: Long sword        |    29 |       |       |     2 ||    31
         Dagger            |       |    49 |    43 |       ||    92
         Punch             |       |     3 |     2 |     1 ||     6
         Rapier            |       |       |       |    42 ||    42
         Scimitar          |       |       |       |     3 ||     3
   Cast: Magic Dart        |    63 |   105 |    17 |     6 ||   191
         Call Imp          |     5 |       |     3 |     1 ||     9
         Mephitic Cloud    |       |     9 |     8 |     9 ||    26
         Scorch            |       |     4 |    44 |   136 ||   184
         Volatile Blastmot |       |       |    13 |    14 ||    27
         Sticky Flame      |       |       |     9 |    45 ||    54
         Metabolic Englaci |       |       |       |     2 ||     2
 Invoke: Curse Item        |       |       |     1 |     1 ||     2
  Evoke: Wand              |       |       |       |     1 ||     1
    Use: Scroll            |       |     2 |     7 |       ||     9
   Stab: Confused          |       |     6 |     2 |     1 ||     9
         Sleeping          |       |     1 |       |       ||     1
 Armour: Robe              |     4 |    13 |     3 |       ||    20
         Ring mail         |       |       |    14 |    48 ||    62
  Dodge: Dodged            |    32 |    41 |    44 |   104 ||   221

Table legend: (Time is in decaauts)
 A = Elapsed time spent in this place.
 B = Non-inter-level travel time spent in this place.
 C = Inter-level travel time spent in this place.
 D = Time resting spent in this place.
 E = Time spent auto-exploring this place.
 F = Levels seen in this place.
 G = Mean time per level.
                   A        B        C        D        E       F      G
               +--------+--------+--------+--------+--------+-----+--------+
         Total |  14755 |  13690 |   1065 |   3306 |   8511 |  14 | 1053.9 |
       Dungeon |  13158 |  12135 |   1023 |   2704 |   7790 |  10 | 1315.8 |
        Temple |     62 |     37 |     25 |      0 |     31 |   1 |   62.0 |
          Lair |   1345 |   1329 |     16 |    493 |    633 |   2 |  672.5 |
      Ice Cave |    188 |    188 |      0 |    109 |     57 |   1 |  188.0 |
               +--------+--------+--------+--------+--------+-----+--------+

Top non-repeatable levels by time:
    D:10: 2060 daAuts
     D:3: 1725 daAuts
     D:5: 1501 daAuts
     D:6: 1394 daAuts
     D:9: 1380 daAuts
     D:7: 1099 daAuts
  Lair:1: 1089 daAuts
     D:4: 1079 daAuts
     D:1: 1032 daAuts
     D:8: 1016 daAuts
     D:2: 867 daAuts
  Lair:2: 255 daAuts
   IceCv: 188 daAuts
  Temple: 62 daAuts
